 Dungeon Crawl Stone Soup version 0.31-a0-700-gf13585253f (webtiles) character file.

Game seed: 1043111072013663470

186 qw the Shooter (level 5, -1/32 HPs)
             Began as a Gargoyle Hunter on Sept 7, 2023.
             Slain by a goblin
             ... wielding a +0 club
             ... led by Robin
              (3 damage)
             ... on level 2 of the Dungeon.
             The game lasted 00:01:53 (2142 turns).

qw the Shooter (Gargoyle Hunter)                    Turns: 2142, Time: 00:01:53

Health: -1/32      AC: 10    Str: 15    XL:     5   Next: 66%
Magic:  5/5        EV: 11    Int:  9    God:
Gold:   62         SH:  0    Dex: 15    Spells: 4/4 levels left

rFire   . . .        b - +0 shortbow (heavy)
rCold   . . .        (shield currently unavailable)
rNeg    + . .        g - +0 ring mail
rPois   inf          (no helmet)
rElec   +            (no cloak)
rCorr   .            d - +0 pair of gloves
SInv    .            (no boots)
Will    .....        (no amulet)
Stlth   +            (no ring)
HPRegen 0.25/turn    (no ring)
MPRegen 0.09/turn

%: no passive effects
@: no status effects
A: sickness immunity, AC +4, negative energy resistance 1, electricity
resistance, torment resistance 1, petrification resistance
a: no special abilities


You were on level 2 of the Dungeon.
You visited 2 branches of the dungeon, and saw 5 of its levels.

You collected 62 gold pieces.


Innate Abilities, Weirdness & Mutations

You are immune to sickness and miasma.
Your stone body is resilient. (AC +4)
You are immune to poison.
You resist negative energy. (rN+)
You are resistant to electric shocks. (rElec)
You are resistant to unholy torment.
You are immune to petrification.


   Skills:
 + Level 3.5 Fighting
 - Level 6.1 Ranged Weapons
 - Level 1.0 Armour
 - Level 1.5 Dodging
 - Level 1.1 Stealth


You had 4 spell levels left.
You didn't know any spells.
Your spell library was empty.

Inventory:

Hand Weapons
 b - a +0 heavy shortbow (weapon)
Armour
 d - a +0 pair of gloves (worn)
 g - a +0 ring mail (worn)
Scrolls
 a - a scroll of identify
 i - a scroll of enchant armour {unknown}
Potions
 c - a potion of might {unknown}
 e - 2 potions of curing {unknown}
 f - a potion of mutation {unknown}
 h - a potion of brilliance {unknown}
 j - a potion of lignification {unknown}
 k - a potion of berserk rage {unknown}

Dungeon Overview and Level Annotations

Branches:
Dungeon (4/15)             Temple (1/1) D:4

Altars:
Dithmenos
Elyvilon
Fedhas
Hepliaklqana
Ru
Uskayaw
Vehumet
Zin
The Shining One

Annotations:
D:2 Robin, Terence


Message History

A hobgoblin comes into view.
The goblin misses you.
The goblin hits you but does no damage. x3
You shoot an arrow. The arrow hits the goblin.
You kill the goblin!
The goblin misses you. Robin throws the goblin at you!
The goblin closely misses you. The goblin hits you with a +0 club.
The goblin barely misses you. Robin closely misses you.
The goblin hits you with a +0 club. The goblin barely misses you.
You shoot an arrow. The arrow completely misses the goblin.
The goblin barely misses you. Robin throws the goblin at you!
The goblin barely misses you.
The goblin hits you but does no damage. x2
The goblin misses you. The goblin hits you but does no damage.
The goblin closely misses you.
You shoot an arrow. The arrow closely misses the goblin.
The goblin hits you but does no damage. Robin closely misses you.
The goblin hits you with a +0 club. The goblin closely misses you.
The goblin hits you but does no damage. The goblin hits you with a +0 dagger.
The goblin closely misses you. The goblin hits you but does no damage.
You shoot an arrow. The arrow hits the goblin.
The goblin is moderately wounded.
The goblin closely misses you. Robin misses you.
The goblin hits you but does no damage. The goblin hits you with a +0 club.
The goblin hits you but does no damage.
You shoot an arrow. The arrow closely misses the goblin.
The goblin no longer looks unusually strong.
Robin barely misses you. The goblin barely misses you.
The goblin closely misses you. The goblin barely misses you.
Robin closely misses you. The goblin hits you with a +0 dagger.
The goblin hits you but does no damage. The goblin closely misses you.
The goblin hits you with a +0 club.
You shoot an arrow. The arrow hits the goblin.
The goblin is heavily wounded.
The goblin no longer looks unusually strong.
The goblin hits you but does no damage.
Robin says, "My army is invincible!"
Robin roars a battlecry!
The goblins go into a battle-frenzy!
The goblin hits you but does no damage. The goblin barely misses you.
The goblin hits you with a +0 club.
You die...

#.............##.#
#.#######.#####.7.
#######.# #.# ###.#
........# #.####....
#######.# #......#.# #.#
#######.7. #.# ##.# #g#
#... #@# #######.#
....ggggg.....>.......7.
.....gg@....... ####.#
####.##.##....## #.....
... ..# .#.###.##.....
### #.# ####.....####
... ......##.# # ###
###......####
#..##......


You could see Terence, Robin, a hobgoblin (strong) and 6 goblins.

Vanquished Creatures
  A phantom (D:4)
  5 adders
  2 worms (D:4)
  5 orcs
  3 bats
  9 endoplasms
  A giant cockroach (D:2)
  9 goblins
  4 hobgoblins
  3 jackals (D:4)
  5 kobolds
  4 ball pythons
  3 rats
54 creatures vanquished.

Notes
Turn   | Place    | Note
-------+----------+-------------------------------------------
     0 | D:1      | qw the Gargoyle Hunter began the quest for the Orb.
     0 | D:1      | Reached XP level 1. HP: 12/12 MP: 1/1
     0 | D:1      | 0 ||| qw: Version: 0.3-a-76-g4403597
     0 | D:1      | 0 ||| qw: Game counter: 440
     0 | D:1      | 0 ||| qw: Melee chars always use a shield: true
     0 | D:1      | 0 ||| qw: God list: Okawaru
     0 | D:1      | 0 ||| qw: Allow faded altars: false
     0 | D:1      | 0 ||| qw: Do Orc after clearing Dungeon:15 true
     0 | D:1      | 0 ||| qw: Do second Lair branch before Depths: true
     0 | D:1      | 0 ||| qw: Lair rune preference: random
     0 | D:1      | 0 ||| qw: Goals: Normal
     0 | D:1      | 0 ||| PLANNING D:1-11
   175 | D:1      | Reached XP level 2. HP: 17/17 MP: 2/2
   618 | D:1      | 618 ||| READING 2 scrolls labelled HAESUSO UNKUO.
   619 | D:1      | 619 ||| READING scroll labelled OZAPLO URHOMAA.
   720 | D:1      | 720 ||| READING scroll labelled WICIOTE WAXYM.
   721 | D:1      | 721 ||| READING scroll labelled JOMAJO JUTAEXE.
   722 | D:1      | 722 ||| DROPPING scroll of butterflies.
   769 | D:2      | Reached skill level 5 in Ranged Weapons
   769 | D:2      | Reached XP level 3. HP: 14/21 MP: 3/3
   775 | D:2      | 775 ||| FLEEEEING.
   776 | D:2      | 776 ||| FLEEEEING.
   777 | D:2      | 777 ||| STAIRDANCE
   845 | D:2      | You fall into a shaft and drop 2 floors!
  1137 | D:4      | 1137 ||| READING scroll labelled CUXTAOCETI.
  1137 | D:4      | Identified a scroll of acquirement
  1137 | D:4      | 1137 ||| ACQUIRING +0 heavy shortbow
  1137 | D:4      | Acquired a +0 heavy shortbow
  1139 | D:4      | 1139 ||| SWAPPING to +0 heavy shortbow.
  1140 | D:4      | 1140 ||| DROPPING +1 shortbow.
  1141 | D:4      | 1141 ||| READING scroll labelled TORILA YFOA.
  1144 | D:4      | 1144 ||| READING 2 scrolls of identify.
  1144 | D:4      | 1144 ||| IDENTIFYING amethyst potion
  1145 | D:4      | 1145 ||| DROPPING potion of degeneration.
  1146 | D:4      | 1146 ||| Stepping randomly (stuck).
  1147 | D:4      | 1147 ||| Stepping randomly (stuck).
  1148 | D:4      | 1148 ||| Stepping randomly (stuck).
  1149 | D:4      | 1149 ||| Stepping randomly (stuck).
  1150 | D:4      | 1150 ||| Stepping randomly (stuck).
  1151 | D:4      | 1151 ||| Stepping randomly (stuck).
  1152 | D:4      | 1152 ||| Stepping randomly (stuck).
  1153 | D:4      | 1153 ||| Stepping randomly (stuck).
  1154 | D:4      | 1154 ||| Stepping randomly (stuck).
  1155 | D:4      | 1155 ||| Stepping randomly (stuck).
  1156 | D:4      | 1156 ||| Stepping randomly (stuck).
  1157 | D:4      | 1157 ||| Stepping randomly (stuck).
  1158 | D:4      | 1158 ||| Stepping randomly (stuck).
  1159 | D:4      | 1159 ||| Stepping randomly (stuck).
  1160 | D:4      | 1160 ||| Stepping randomly (stuck).
  1161 | D:4      | 1161 ||| Stepping randomly (stuck).
  1162 | D:4      | 1162 ||| Stepping randomly (stuck).
  1163 | D:4      | 1163 ||| Stepping randomly (stuck).
  1164 | D:4      | 1164 ||| Stepping randomly (stuck).
  1165 | D:4      | 1165 ||| Stepping randomly (stuck).
  1166 | D:4      | 1166 ||| Stepping randomly (stuck).
  1167 | D:4      | 1167 ||| Stepping randomly (stuck).
  1168 | D:4      | 1168 ||| Stepping randomly (stuck).
  1169 | D:4      | 1169 ||| Stepping randomly (stuck).
  1171 | D:4      | 1171 ||| Stepping randomly (stuck).
  1172 | D:4      | 1172 ||| Stepping randomly (stuck).
  1173 | D:4      | 1173 ||| Stepping randomly (stuck).
  1174 | D:4      | 1174 ||| Stepping randomly (stuck).
  1175 | D:4      | 1175 ||| Stepping randomly (stuck).
  1176 | D:4      | 1176 ||| Stepping randomly (stuck).
  1177 | D:4      | 1177 ||| Stepping randomly (stuck).
  1178 | D:4      | 1178 ||| Stepping randomly (stuck).
  1179 | D:4      | 1179 ||| Stepping randomly (stuck).
  1180 | D:4      | 1180 ||| Stepping randomly (stuck).
  1181 | D:4      | 1181 ||| Stepping randomly (stuck).
  1182 | D:4      | 1182 ||| Stepping randomly (stuck).
  1183 | D:4      | 1183 ||| Stepping randomly (stuck).
  1184 | D:4      | 1184 ||| Stepping randomly (stuck).
  1185 | D:4      | 1185 ||| Stepping randomly (stuck).
  1186 | D:4      | 1186 ||| Stepping randomly (stuck).
  1187 | D:4      | 1187 ||| Stepping randomly (stuck).
  1188 | D:4      | 1188 ||| Stepping randomly (stuck).
  1189 | D:4      | 1189 ||| Stepping randomly (stuck).
  1190 | D:4      | 1190 ||| Stepping randomly (stuck).
  1191 | D:4      | 1191 ||| Stepping randomly (stuck).
  1192 | D:4      | 1192 ||| Stepping randomly (stuck).
  1193 | D:4      | 1193 ||| Stepping randomly (stuck).
  1194 | D:4      | 1194 ||| Stepping randomly (stuck).
  1195 | D:4      | 1195 ||| Stepping randomly (stuck).
  1196 | D:4      | 1196 ||| Stepping randomly (stuck).
  1197 | D:4      | 1197 ||| Stepping randomly (stuck).
  1198 | D:4      | 1198 ||| Stepping randomly (stuck).
  1199 | D:4      | 1199 ||| Stepping randomly (stuck).
  1200 | D:4      | 1200 ||| Stepping randomly (stuck).
  1201 | D:4      | 1201 ||| Stepping randomly (stuck).
  1202 | D:4      | 1202 ||| Stepping randomly (stuck).
  1203 | D:4      | 1203 ||| Stepping randomly (stuck).
  1204 | D:4      | 1204 ||| Stepping randomly (stuck).
  1205 | D:4      | 1205 ||| Stepping randomly (stuck).
  1206 | D:4      | 1206 ||| Stepping randomly (stuck).
  1207 | D:4      | 1207 ||| Stepping randomly (stuck).
  1208 | D:4      | 1208 ||| Stepping randomly (stuck).
  1209 | D:4      | 1209 ||| Stepping randomly (stuck).
  1210 | D:4      | 1210 ||| Stepping randomly (stuck).
  1211 | D:4      | 1211 ||| Stepping randomly (stuck).
  1212 | D:4      | 1212 ||| Stepping randomly (stuck).
  1213 | D:4      | 1213 ||| Stepping randomly (stuck).
  1214 | D:4      | 1214 ||| Stepping randomly (stuck).
  1215 | D:4      | 1215 ||| Stepping randomly (stuck).
  1216 | D:4      | 1216 ||| Stepping randomly (stuck).
  1217 | D:4      | 1217 ||| Stepping randomly (stuck).
  1218 | D:4      | 1218 ||| Stepping randomly (stuck).
  1219 | D:4      | 1219 ||| Stepping randomly (stuck).
  1220 | D:4      | 1220 ||| Stepping randomly (stuck).
  1221 | D:4      | 1221 ||| Stepping randomly (stuck).
  1222 | D:4      | 1222 ||| Stepping randomly (stuck).
  1223 | D:4      | 1223 ||| Stepping randomly (stuck).
  1224 | D:4      | 1224 ||| Stepping randomly (stuck).
  1225 | D:4      | 1225 ||| Stepping randomly (stuck).
  1226 | D:4      | 1226 ||| Stepping randomly (stuck).
  1227 | D:4      | 1227 ||| Stepping randomly (stuck).
  1228 | D:4      | 1228 ||| Stepping randomly (stuck).
  1229 | D:4      | 1229 ||| Stepping randomly (stuck).
  1230 | D:4      | 1230 ||| Stepping randomly (stuck).
  1231 | D:4      | 1231 ||| Stepping randomly (stuck).
  1232 | D:4      | 1232 ||| Stepping randomly (stuck).
  1233 | D:4      | 1233 ||| Stepping randomly (stuck).
  1234 | D:4      | 1234 ||| Stepping randomly (stuck).
  1235 | D:4      | 1235 ||| Stepping randomly (stuck).
  1236 | D:4      | 1236 ||| Stepping randomly (stuck).
  1237 | D:4      | 1237 ||| Stepping randomly (stuck).
  1238 | D:4      | 1238 ||| Stepping randomly (stuck).
  1239 | D:4      | 1239 ||| Stepping randomly (stuck).
  1240 | D:4      | 1240 ||| Stepping randomly (stuck).
  1241 | D:4      | 1241 ||| Stepping randomly (stuck).
  1242 | D:4      | 1242 ||| Stepping randomly (stuck).
  1243 | D:4      | 1243 ||| Stepping randomly (stuck).
  1244 | D:4      | 1244 ||| Stepping randomly (stuck).
  1245 | D:4      | 1245 ||| Stepping randomly (stuck).
  1246 | D:4      | 1246 ||| Stepping randomly (stuck).
  1247 | D:4      | 1247 ||| Stepping randomly (stuck).
  1248 | D:4      | 1248 ||| Stepping randomly (stuck).
  1249 | D:4      | 1249 ||| Stepping randomly (stuck).
  1250 | D:4      | 1250 ||| Stepping randomly (stuck).
  1251 | D:4      | 1251 ||| Stepping randomly (stuck).
  1252 | D:4      | 1252 ||| Stepping randomly (stuck).
  1253 | D:4      | 1253 ||| Stepping randomly (stuck).
  1254 | D:4      | 1254 ||| Stepping randomly (stuck).
  1255 | D:4      | 1255 ||| Stepping randomly (stuck).
  1256 | D:4      | 1256 ||| Stepping randomly (stuck).
  1257 | D:4      | 1257 ||| Stepping randomly (stuck).
  1258 | D:4      | 1258 ||| Stepping randomly (stuck).
  1259 | D:4      | 1259 ||| Stepping randomly (stuck).
  1260 | D:4      | 1260 ||| Stepping randomly (stuck).
  1261 | D:4      | 1261 ||| Stepping randomly (stuck).
  1262 | D:4      | 1262 ||| Stepping randomly (stuck).
  1263 | D:4      | 1263 ||| Stepping randomly (stuck).
  1264 | D:4      | 1264 ||| Stepping randomly (stuck).
  1265 | D:4      | 1265 ||| Stepping randomly (stuck).
  1266 | D:4      | 1266 ||| Stepping randomly (stuck).
  1267 | D:4      | 1267 ||| Stepping randomly (stuck).
  1268 | D:4      | 1268 ||| Stepping randomly (stuck).
  1269 | D:4      | 1269 ||| Stepping randomly (stuck).
  1270 | D:4      | 1270 ||| Stepping randomly (stuck).
  1275 | D:4      | Reached skill level 3 in Fighting
  1276 | D:4      | 1276 ||| Stepping randomly (stuck).
  1277 | D:4      | 1277 ||| Stepping randomly (stuck).
  1278 | D:4      | 1278 ||| Stepping randomly (stuck).
  1279 | D:4      | 1279 ||| Stepping randomly (stuck).
  1280 | D:4      | 1280 ||| Stepping randomly (stuck).
  1281 | D:4      | 1281 ||| Stepping randomly (stuck).
  1282 | D:4      | 1282 ||| Stepping randomly (stuck).
  1283 | D:4      | 1283 ||| Stepping randomly (stuck).
  1284 | D:4      | 1284 ||| Stepping randomly (stuck).
  1285 | D:4      | 1285 ||| Stepping randomly (stuck).
  1286 | D:4      | 1286 ||| Stepping randomly (stuck).
  1287 | D:4      | 1287 ||| Stepping randomly (stuck).
  1288 | D:4      | 1288 ||| Stepping randomly (stuck).
  1289 | D:4      | 1289 ||| Stepping randomly (stuck).
  1290 | D:4      | 1290 ||| Stepping randomly (stuck).
  1291 | D:4      | 1291 ||| Stepping randomly (stuck).
  1292 | D:4      | 1292 ||| Stepping randomly (stuck).
  1293 | D:4      | 1293 ||| Stepping randomly (stuck).
  1294 | D:4      | 1294 ||| Stepping randomly (stuck).
  1295 | D:4      | 1295 ||| Stepping randomly (stuck).
  1296 | D:4      | 1296 ||| Stepping randomly (stuck).
  1297 | D:4      | 1297 ||| Stepping randomly (stuck).
  1298 | D:4      | 1298 ||| Stepping randomly (stuck).
  1299 | D:4      | 1299 ||| Stepping randomly (stuck).
  1300 | D:4      | 1300 ||| Stepping randomly (stuck).
  1301 | D:4      | 1301 ||| Stepping randomly (stuck).
  1302 | D:4      | 1302 ||| Stepping randomly (stuck).
  1303 | D:4      | 1303 ||| Stepping randomly (stuck).
  1304 | D:4      | 1304 ||| Stepping randomly (stuck).
  1305 | D:4      | 1305 ||| Stepping randomly (stuck).
  1306 | D:4      | 1306 ||| Stepping randomly (stuck).
  1307 | D:4      | 1307 ||| Stepping randomly (stuck).
  1308 | D:4      | 1308 ||| Stepping randomly (stuck).
  1309 | D:4      | 1309 ||| Stepping randomly (stuck).
  1310 | D:4      | 1310 ||| Stepping randomly (stuck).
  1311 | D:4      | 1311 ||| Stepping randomly (stuck).
  1312 | D:4      | 1312 ||| Stepping randomly (stuck).
  1313 | D:4      | 1313 ||| Stepping randomly (stuck).
  1314 | D:4      | 1314 ||| Stepping randomly (stuck).
  1315 | D:4      | 1315 ||| Stepping randomly (stuck).
  1316 | D:4      | 1316 ||| Stepping randomly (stuck).
  1317 | D:4      | 1317 ||| Stepping randomly (stuck).
  1318 | D:4      | 1318 ||| Stepping randomly (stuck).
  1319 | D:4      | 1319 ||| Stepping randomly (stuck).
  1320 | D:4      | 1320 ||| Stepping randomly (stuck).
  1321 | D:4      | 1321 ||| Stepping randomly (stuck).
  1322 | D:4      | 1322 ||| Stepping randomly (stuck).
  1323 | D:4      | 1323 ||| Stepping randomly (stuck).
  1324 | D:4      | 1324 ||| Stepping randomly (stuck).
  1325 | D:4      | 1325 ||| Stepping randomly (stuck).
  1326 | D:4      | 1326 ||| Stepping randomly (stuck).
  1327 | D:4      | 1327 ||| Stepping randomly (stuck).
  1328 | D:4      | 1328 ||| Stepping randomly (stuck).
  1329 | D:4      | 1329 ||| Stepping randomly (stuck).
  1330 | D:4      | 1330 ||| Stepping randomly (stuck).
  1331 | D:4      | 1331 ||| Stepping randomly (stuck).
  1332 | D:4      | 1332 ||| Stepping randomly (stuck).
  1333 | D:4      | 1333 ||| Stepping randomly (stuck).
  1334 | D:4      | 1334 ||| Stepping randomly (stuck).
  1335 | D:4      | 1335 ||| Stepping randomly (stuck).
  1336 | D:4      | 1336 ||| Stepping randomly (stuck).
  1337 | D:4      | 1337 ||| Stepping randomly (stuck).
  1338 | D:4      | 1338 ||| Stepping randomly (stuck).
  1339 | D:4      | 1339 ||| Stepping randomly (stuck).
  1340 | D:4      | 1340 ||| Stepping randomly (stuck).
  1341 | D:4      | 1341 ||| Stepping randomly (stuck).
  1342 | D:4      | 1342 ||| Stepping randomly (stuck).
  1343 | D:4      | 1343 ||| Stepping randomly (stuck).
  1344 | D:4      | 1344 ||| Stepping randomly (stuck).
  1345 | D:4      | 1345 ||| Stepping randomly (stuck).
  1346 | D:4      | 1346 ||| Stepping randomly (stuck).
  1347 | D:4      | 1347 ||| Stepping randomly (stuck).
  1348 | D:4      | 1348 ||| Stepping randomly (stuck).
  1349 | D:4      | 1349 ||| Stepping randomly (stuck).
  1350 | D:4      | 1350 ||| Stepping randomly (stuck).
  1351 | D:4      | 1351 ||| Stepping randomly (stuck).
  1352 | D:4      | 1352 ||| Stepping randomly (stuck).
  1353 | D:4      | 1353 ||| Stepping randomly (stuck).
  1354 | D:4      | 1354 ||| Stepping randomly (stuck).
  1355 | D:4      | 1355 ||| Stepping randomly (stuck).
  1356 | D:4      | 1356 ||| Stepping randomly (stuck).
  1357 | D:4      | 1357 ||| Stepping randomly (stuck).
  1358 | D:4      | 1358 ||| Stepping randomly (stuck).
  1359 | D:4      | 1359 ||| Stepping randomly (stuck).
  1360 | D:4      | 1360 ||| Stepping randomly (stuck).
  1361 | D:4      | 1361 ||| Stepping randomly (stuck).
  1362 | D:4      | 1362 ||| Stepping randomly (stuck).
  1363 | D:4      | 1363 ||| Stepping randomly (stuck).
  1364 | D:4      | 1364 ||| Stepping randomly (stuck).
  1365 | D:4      | 1365 ||| Stepping randomly (stuck).
  1366 | D:4      | 1366 ||| Stepping randomly (stuck).
  1367 | D:4      | 1367 ||| Stepping randomly (stuck).
  1368 | D:4      | 1368 ||| Stepping randomly (stuck).
  1369 | D:4      | 1369 ||| Stepping randomly (stuck).
  1370 | D:4      | 1370 ||| Stepping randomly (stuck).
  1371 | D:4      | 1371 ||| Stepping randomly (stuck).
  1372 | D:4      | 1372 ||| Stepping randomly (stuck).
  1373 | D:4      | 1373 ||| Stepping randomly (stuck).
  1374 | D:4      | 1374 ||| Stepping randomly (stuck).
  1375 | D:4      | 1375 ||| Stepping randomly (stuck).
  1376 | D:4      | 1376 ||| Stepping randomly (stuck).
  1377 | D:4      | 1377 ||| Stepping randomly (stuck).
  1378 | D:4      | 1378 ||| Stepping randomly (stuck).
  1379 | D:4      | 1379 ||| Stepping randomly (stuck).
  1380 | D:4      | 1380 ||| Stepping randomly (stuck).
  1381 | D:4      | 1381 ||| Stepping randomly (stuck).
  1382 | D:4      | 1382 ||| Stepping randomly (stuck).
  1383 | D:4      | 1383 ||| Stepping randomly (stuck).
  1384 | D:4      | 1384 ||| Stepping randomly (stuck).
  1385 | D:4      | 1385 ||| Stepping randomly (stuck).
  1386 | D:4      | 1386 ||| Stepping randomly (stuck).
  1387 | D:4      | 1387 ||| Stepping randomly (stuck).
  1388 | D:4      | 1388 ||| Stepping randomly (stuck).
  1389 | D:4      | 1389 ||| Stepping randomly (stuck).
  1390 | D:4      | 1390 ||| Stepping randomly (stuck).
  1391 | D:4      | 1391 ||| Stepping randomly (stuck).
  1392 | D:4      | 1392 ||| Stepping randomly (stuck).
  1393 | D:4      | 1393 ||| Stepping randomly (stuck).
  1394 | D:4      | 1394 ||| Stepping randomly (stuck).
  1395 | D:4      | 1395 ||| Stepping randomly (stuck).
  1395 | D:4      | Found a staircase to the Ecumenical Temple.
  1396 | D:4      | 1396 ||| PLANNING TEMPLE
  1403 | Temple   | Entered the Ecumenical Temple
  1404 | Temple   | 1404 ||| PLANNING D:1-11
  1411 | D:4      | Reached XP level 4. HP: 28/28 MP: 4/4
  1751 | D:4      | Noticed a phantom
  1764 | D:4      | Killed a phantom
  1765 | D:4      | Reached skill level 6 in Ranged Weapons
  1765 | D:4      | Reached XP level 5. HP: 24/32 MP: 5/5
  1802 | D:4      | 1802 ||| UPGRADING to +0 pair of gloves.
  1811 | D:4      | 1811 ||| READING scroll labelled UXKIF PIVAISKA.
  1827 | D:3      | HP: 6/32 [hobgoblin (4)]
  1828 | D:3      | Reached skill level 1 in Armour
  1938 | D:3      | 1938 ||| UPGRADING to +0 ring mail.
  1948 | D:3      | 1948 ||| DROPPING +0 leather armour.
  2131 | D:2      | Noticed Robin
  2131 | D:2      | Noticed Terence
  2141 | D:2      | HP: 5/32 [goblin/+0 dagger[Robin] (4)]
  2141 | D:2      | HP: 2/32 [goblin/+0 club[Robin] (3)]
  2142 | D:2      | Slain by a goblin

Levels and vault maps discovered:
D:1:      mrwooster_arrival_statue, layout_loops_ring, feat_on_display
D:2:      minmay_angry_zag, layout_loops_ring, basic_ecumenical_altar,
          chequers_serial_rivers_large_a, kennysheep_crisscross,
          minmay_statues_item, dilly_guarded_unrand_morg, uniq_robin,
          uniq_terence
D:3:      layout_basic, ashenzari_altar_1, serial_shops,
          nicolae_shop_pleasant_corner_grove, corexii_shack
D:4:      layout_basic, minmay_temple_entry_junction, chequers_garden,
          kennysheep_generic_room_2, uniq_menkaure
Temple:   grunt_temple_mini_profane

Skill      XL: |  1  2  3  4  5 |
---------------+----------------+-----
Ranged Weapons | 5 6 |  6.1
Fighting       | 3 |  3.5
Armour         | 1 |  1.0
Dodging        | |  1.5
Stealth        | |  1.1

Action                     |  1- 3 |  4- 6 || total
---------------------------+-------+-------++-------
   Fire: Shortbow          |    82 |    69 ||   151
    Use: Scroll            |     7 |     1 ||     8
 Armour: Leather armour    |    22 |    38 ||    60
         Ring mail         |       |    34 ||    34
  Dodge: Dodged            |    21 |    50 ||    71

Table legend:
 A = Non-vault XP
 B = Vault XP
 C = Vault XP percentage of total XP
 D = Non-vault monster count
 E = Vault monster count
 F = Vault count percentage of total count
                 A         B        C        D         E       F
            +---------+---------+-------+---------+---------+-------
      Total |     248 |      19 |   7.1 |      50 |       4 |   7.4
            +---------+---------+-------+---------+---------+-------
        D:1 |      23 |       0 |   0.0 |      13 |       0 |   0.0
        D:2 |      37 |       6 |  14.0 |      16 |       3 |  15.8
        D:3 |      44 |       0 |   0.0 |       9 |       0 |   0.0
        D:4 |     144 |      13 |   8.3 |      12 |       1 |   7.7
            +---------+---------+-------+---------+---------+-------
